 Dungeon Crawl Stone Soup version 0.18-a0-1778-gadce9fa (webtiles) character file.

659732 4thArraOfDagon the Fencer (level 25, -5/216 HPs)
             Began as a Centaur Air Elementalist on Apr 13, 2016.
             Was the Champion of Makhleb.
             Killed from afar by a Hell Sentinel (60 damage)
             ... with an iron shot
             ... in Pandemonium on Apr 16, 2016.
             The game lasted 05:40:20 (47952 turns).

4thArraOfDagon the Fencer (CeAE)                   Turns: 47952, Time: 05:40:21

Health: -5/216     AC: 53    Str: 20    XL:     25   Next: 66%
Magic:  38/39      EV:  9    Int: 28    God:    Makhleb [******]
Gold:   2555       SH: 20    Dex: 21    Spells: 10 memorised, 18 levels left

rFire  . . .     SeeInvis .     w - +4 eudemon blade (holy)
rCold  . . .     Gourm    .     t - +9 plate armour "Zisysot" {Dex+4}
rNeg   + + +     Faith    +     b - +5 shield {reflect}
rPois  +         Spirit   .     v - +2 helmet of Keplihum {rElec MR+}
rElec  +         Dismiss  .     S - +2 cloak
rCorr  .         Reflect  +     r - +3 pair of gauntlets of War {Slay+5}
SustAt .         Harm     .     L - +10 Black Knight's horse barding {ponderous, rPois rN+}
MR     ++++.                    G - amulet "Buheipp" {Faith *Confuse +Blink rN+ MR+}
Stlth  ..........               p - ring of the Prince of Darkness {rN+ MR+ Str+4 Int+2}
                                N - ring of Ynwavyq {rN+ Int+8 Dex+4}

@: quick, incredibly resistant to hostile enchantments, extremely unstealthy
A: hooves 3, molten scales 1, deformed body, speed 2, shaggy fur 1, tough skin
3, MP-powered wands
a: Minor Destruction, Lesser Servant of Makhleb, Major Destruction, Greater
Servant of Makhleb, Renounce Religion, Evoke Blink
}: 7/15 runes: barnacled, slimy, silver, golden, abyssal, demonic, gossamer


You were in Pandemonium.
You worshipped Makhleb.
Makhleb was exalted by your worship.
You were not hungry.

You visited 12 branches of the dungeon, and saw 59 of its levels.
You visited Pandemonium 2 times, and saw 4 of its levels.
You visited the Abyss 1 time.
You also visited: Sewer.

You collected 6960 gold pieces.
You spent 4405 gold pieces at shops.

Inventory:

Hand Weapons
 i - the +6 scimitar of Flaming Death {sticky flame, rPois rF++ rC- MR+}
   (You took it off a vampire on level 3 of the Crypt)

   It has been specially enchanted to burn those struck by it, causing extra
   injury to most foes and up to half again as much damage against particularly
   susceptible opponents.
   Big, fiery blades are also staple armaments of hydra-hunters.
   It greatly protects you from fire.
   It makes you vulnerable to cold.
   It protects you from poison.
   It affects your resistance to hostile enchantments.
 w - a +4 eudemon blade of holy wrath (weapon)
Armour
 b - a +5 shield of reflection (worn)
 r - the +3 pair of gauntlets of War (worn) {Slay+5}
   (You found it on level 3 of the Tomb of the Ancients)

   It affects your accuracy and damage with ranged weapons and melee attacks
   (+5).
 t - the +9 plate armour "Zisysot" (worn) {Dex+4}
   (You bought it in a shop on level 2 of the Orcish Mines)

   It affects your dexterity (+4).
 v - the +2 helmet of Keplihum (worn) {rElec MR+}
   (You found it on level 4 of the Shoals)

   It insulates you from electricity.
   It affects your resistance to hostile enchantments.
 L - the +10 Black Knight's horse barding (worn) {ponderous, rPois rN+}
   (You bought it in a shop on level 7 of the Dungeon)

   It protects you from poison.
   It protects you from negative energy.
 S - a +2 cloak (worn)
Rods
 j - a +3 lightning rod (14/14)
   (You found it on level 6 of the Pits of Slime)
Jewellery
 f - an uncursed ring of protection from cold
 h - an uncursed ring of fire
 p - the ring of the Prince of Darkness (right hand) {rN+ MR+ Str+4 Int+2}
   (You took it off a vampire mage on level 3 of the Crypt)

   [ring of positive energy]

   It affects your strength (+4).
   It affects your intelligence (+2).
   It protects you from negative energy.
   It affects your resistance to hostile enchantments.
 G - the amulet "Buheipp" (around neck) {Faith *Confuse +Blink rN+ MR+}
   (You took it off a fire giant on level 2 of the Depths)

   [amulet of faith]

   It allows you to gain divine favour quickly.
   It protects you from negative energy.
   It affects your resistance to hostile enchantments.
   It lets you blink.
   It may confuse you when you take damage.
 M - the ring of Sidi {+Fly rN+}
   (You took it off a deep elf blademaster on level 3 of the Elven Halls)

   [ring of flight]

   It protects you from negative energy.
   It lets you fly.
 N - the ring of Ynwavyq (left hand) {rN+ Int+8 Dex+4}
   (You found it on level 3 of the Crypt)

   [ring of positive energy]

   It affects your intelligence (+8).
   It affects your dexterity (+4).
   It protects you from negative energy.
Wands
 k - a wand of digging (12/24)
 n - a wand of hasting (4/9)
 E - a wand of acid (7/15)
 F - a wand of teleportation (3/9)
 H - a wand of disintegration (1/24)
 O - a wand of hasting (6/9)
 X - a wand of heal wounds (8/9)
Scrolls
 d - 7 scrolls of recharging
 e - 4 scrolls of blinking
 o - 2 scrolls of fog
 u - a scroll of teleportation
 y - 17 scrolls of remove curse
 K - 9 scrolls of magic mapping
 R - 2 scrolls of summoning
 Y - a scroll of identify
Potions
 a - 7 potions of agility
 g - 7 potions of might
 l - 6 potions of magic
 m - 6 potions of curing
 x - a potion of cure mutation
 z - 5 potions of resistance
 A - 7 potions of ambrosia
 J - 2 potions of heal wounds
 P - 2 potions of haste
 W - 2 potions of cancellation
 Z - 5 potions of berserk rage
Miscellaneous
 q - a box of beasts
 s - 2 phantom mirrors
 B - a lamp of fire
 D - an ornate deck of summoning {the Dance, drawn: 2}
 I - a figurine of a ziggurat
 Q - a sack of spiders
 T - a phial of floods
 U - a box of beasts
 V - a fan of gales
Comestibles
 c - 5 bread rations
 C - 17 meat rations


   Skills:
 + Level 15.8 Fighting
 - Level 20.1 Long Blades
 - Level 14.0 Armour
 - Level 11.0 Dodging
 - Level 1.2 Stealth
 - Level 15.0 Shields
 - Level 12.4 Spellcasting
 - Level 3.4 Conjurations
 - Level 6.5 Hexes
 - Level 8.6 Charms
 - Level 8.2 Necromancy
 * Level 7.0 Translocations
 - Level 4.9 Air Magic
 - Level 13.0 Invocations
 - Level 4.2 Evocations


You had 18 spell levels left.
You knew the following spells:

 Your Spells              Type           Power        Failure   Level  Hunger
a - Death's Door          Chrm/Necr      ######....   100%        8    #######
b - Repel Missiles        Chrm/Air       ######       4%          2    None
c - Swiftness             Chrm/Air       ######..     4%          2    None
d - Static Discharge      Conj/Air       #####...     24%         3    None
e - Sublimation of Blood  Necr           ######....   1%          2    None
f - Spectral Weapon       Hex/Chrm       ######..     6%          3    None
g - Regeneration          Chrm/Necr      ######....   3%          3    None
h - Apportation           Tloc           ######....   1%          1    None
i - Blink                 Tloc           N/A          3%          2    None
j - Passage of Golubria   Tloc           N/A          21%         4    None


Dungeon Overview and Level Annotations

Branches:
Dungeon (15/15)            Temple (1/1) D:4            Lair (8/8) D:11
 Shoals (4/4) Lair:5       Spider (4/4) Lair:6        Slime (6/6) Lair:7
    Orc (2/2) D:9             Elf (3/3) Orc:2        Vaults (5/5) D:14
  Crypt (3/3) Vaults:2       Tomb (3/3) Crypt:3      Depths (5/5) D:15
    Zot: Depths:5

Altars:
Ashenzari
Cheibriados
Dithmenos
Elyvilon
Fedhas
Gozag
Kikubaaqudgha
Makhleb
Nemelex Xobeh
Okawaru
Pakellas
Qazlal
Ru
Sif Muna
Trog
Vehumet
Xom
Yredelemnul
Zin
The Shining One
Beogh

Shops:
D:6 :   D:7 [   D:11 %   D:14 (   Orc:2 [?*[:   Elf:2 }[(   Shoals:3 !
Vaults:1 (

Portals:
Hell: Depths:1 Depths:2 Depths:3
Pandemonium: Depths:1

Annotations:
D:6 Pikel
D:13 exclusion: upstairs
Elf:2 1 runed door
Crypt:1 Donald


Innate Abilities, Weirdness & Mutations

You have hooves in place of feet.
Armour fits poorly on your strangely shaped body.
You cover ground very quickly.
You have extremely tough skin (AC +3).
You are partially covered in molten scales (AC +1).
You are covered in fur (AC +1).
You expend magic power (3 MP) to strengthen your wands.


Message History

You block the orange demon's attack.
The red devil hits you from afar with a trident.
The Hell Sentinel barely misses you.
The Hell Sentinel hits you but does no damage.
You hit the Hell Sentinel but do no damage.
You kick the Hell Sentinel, but do no damage.
The Hell Sentinel is severely wounded.
You block the orange demon's attack.
Unknown command.
You are struck by the Hell Sentinel's spines.
You hit the Hell Sentinel.
The Hell Sentinel convulses.
You kick the Hell Sentinel, but do no damage.
The Hell Sentinel is almost dead.
The red devil hits you but does no damage.
You block the Ice Fiend's attack. The Ice Fiend claws you.
The Ice Fiend freezes you!!
* * * LOW HITPOINT WARNING * * *
The Hell Sentinel gestures at you. The iron shot hits you!
You die...

####### #.... #.....#
#....
#########.....####.... .
.......'.....'..'.... ..
#...###.....####....
...###...###.....#######.
.........4.'.....'.....'$
.........###.....#....##.
......4.@# #######....##.
........11............##.
........1.............##.
......'''..............'.
......###........ ######.
...... /.?.... +. ......
....... #. ...... .......
#. ##


You could see a Hell Sentinel, an Ice Fiend, an Executioner, an orange demon and
a red devil.

Vanquished Creatures
  the Royal Jelly (Slime:6)
  A pandemonium lord (Pan)
  2 ancient liches
  Mennas (Tomb:1)
  Sojobo (Depths:1)
  11 greater mummies
  Saint Roka (Crypt:3)
  2 golden dragons
  6 bone dragons
  A profane servitor (Crypt:3)
  2 Tzitzimimeh (Pan)
  3 tentacled monstrosities (Vaults:5)
  An Ice Fiend (Pan)
  3 titans
  A deep elf blademaster (Elf:3)
  3 liches
  10 acid blobs
  Gastronok (Orc:1)
  A kraken (Shoals:4)
  10 ancient champions
  2 Executioners (Pan)
  10 sphinxes
  2 tengu reavers
  4 tentacled starspawn
  A revenant (Crypt:3)
  Ilsuiw (Shoals:4)
  3 shadow dragons
  7 azure jellies (Slime:6)
  4 frost giants
  2 fire giants
  4 emperor scorpions
  4 ghost moths (Spider:4)
  2 deep elf elementalists (Elf:3)
  A curse skull (Crypt:3)
  A balrug (Pan)
  An iron dragon (Vaults:5)
  2 deep elf sorcerers
  10 vault wardens
  A caustic shrike zombie (Crypt:2)
  6 ghouls
  10 ironheart preservers
  A war gargoyle (Vaults:5)
  6 very ugly things
  2 blood saints (Pan)
  8 vampire knights
  7 stone giants
  The ghost of grom234 the Peltast, a journeyman HOFi of Beogh (D:13)
  Nessos (Orc:2)
  4 bennus (Tomb:2)
  5 deep elf demonologists (Elf:3)
  4 salamander stormcallers
  2 black suns (Pan)
  4 deep elf annihilators
  5 spark wasps
  7 ettins
  3 eidola
  3 merfolk javelineers (Shoals:4)
  3 blizzard demons (Pan)
  13 mummy priests
  9 jiangshi
  7 death oozes
  16 vault guards
  4 fire dragons
  14 yaktaur captains
  A green death (Abyss:1)
  6 deep elf death magi
  A minotaur (shapeshifter) (Vaults:5)
  2 merfolk impalers
  A deep elf high priest (Elf:3)
  A quicksilver dragon zombie (Tomb:1)
  A monstrous demonspawn (Pan)
  5 great orbs of eyes
  3 ice dragons
  3 entropy weavers
  A hell beast (Depths:1)
  Erolcha (D:9)
  2 naga warriors (Abyss:4)
  3 rakshasas
  2 spriggan air magi
  A merfolk avatar (Shoals:4)
  Erica (D:9)
  2 hydras
  2 merfolk aquamancers (Shoals:4)
  A catoblepas (D:15)
  9 ogre magi
  6 centaur warriors
  2 death knights
  6 dancing weapons
  A satyr (Shoals:4)
  2 alligator snapping turtles
  5 deep troll earth magi
  2 deep troll shamans (Depths:2)
  2 spriggan berserkers (Depths:2)
  5 vampire magi
  3 tengu warriors
  A shock serpent (shapeshifter) (Vaults:4)
  A sun demon (Pan)
  4 thrashing horrors
  A shadow wraith (Abyss:1)
  11 deep elf knights
  A soul eater (Pan)
  Sonja (D:11)
  A fire crab (Lair:7)
  6 wretched stars
  62 death scarabs
  13 skeletal warriors
  7 wizards
  Nergalle (Orc:2)
  8 flayed ghosts
  2 gelid demonspawn (Pan)
  5 spatial maelstroms
  A storm dragon skeleton (Tomb:3)
  3 hell knights (Depths:2)
  An infernal demonspawn (Pan)
  A salamander mystic (Vaults:3)
  An anaconda zombie (Abyss:4)
  2 hill giants
  2 giant orange brains
  3 torturous demonspawn (Pan)
  6 anubis guards
  A quicksilver dragon simulacrum (Crypt:3)
  19 deep trolls
  4 sea snakes
  A putrid demonspawn (Pan)
  16 orc knights
  A kraken simulacrum (Shoals:4)
  5 deep elf archers
  7 ironbrand convokers
  A necromancer (Depths:3)
  An anubis guard (shapeshifter) (Vaults:4)
  8 orb spiders
  12 phantasmal warriors
  23 harpies
  A harpy (shapeshifter) (D:14)
  A wolf spider zombie (D:15)
  4 shining eyes
  3 manticores
  4 sixfirhies
  A mana viper (Abyss:1)
  9 griffons
  8 orc sorcerers
  40 deep elf magi
  3 hornets
  4 fauns
  A fire giant zombie (Tomb:1)
  A hornet (shapeshifter) (Vaults:4)
  3 salamanders (Vaults:3)
  31 ugly things
  3 cyclopes
  11 wolf spiders
  2 worldbinders
  Maurice (D:11)
  3 apocalypse crabs
  An elephant (D:11)
  8 sirens
  2 iron dragon skeletons
  A guardian serpent (shapeshifter) (D:14)
  10 vault sentinels
  9 black mambas
  A torpor snail (Lair:4)
  A stone giant skeleton (Abyss:1)
  6 smoke demons
  2 water nymphs
  An eye of devastation (shapeshifter) (D:14)
  2 molten gargoyles (Elf:2)
  2 guardian serpents
  A rust devil (Pan)
  6 centaur skeletons
  Psyche (D:10)
  2 gargoyles
  A spiny frog (shapeshifter) (Abyss:1)
  10 spiny frogs
  19 yaktaurs
  A rime drake (Lair:6)
  4 komodo dragons
  2 demonic crawlers
  5 freezing wraiths
  16 starcursed masses
  An ice devil (Abyss:1)
  A tormentor (Pan)
  A catoblepas skeleton (Crypt:3)
  2 hellwings
  A queen bee (Lair:3)
  2 tengu conjurers
  An efreet (D:14)
  2 ancient zymes (Abyss:4)
  A jumping spider (shapeshifter) (Vaults:2)
  12 jumping spiders
  41 guardian mummies
  2 red devils
  3 trolls
  A spriggan druid (Lair:8)
  8 merfolk
  A steam dragon (D:11)
  6 polar bears
  2 wind drakes
  A polar bear (shapeshifter) (Depths:3)
  21 two-headed ogres
  Grinder (D:3)
  2 snapping turtles
  16 blink frogs
  An iron dragon simulacrum (Crypt:3)
  6 raiju
  10 ushabtiu
  A hydra skeleton (Tomb:3)
  2 frost giant simulacra
  A boulder beetle (Vaults:5)
  A bog body (Crypt:1)
  43 flying skulls
  A stone giant simulacrum (Crypt:3)
  35 slime creatures
  5 air elementals
  A tarantella (shapeshifter) (Vaults:2)
  8 vampires
  33 redbacks
  A shadow (D:14)
  A fire dragon skeleton (Crypt:3)
  12 ynoxinuls
  12 spriggans
  6 large abominations
  8 tarantellas
  A centaur simulacrum (D:14)
  2 wyverns
  6 water elementals
  3 wraiths
  4 fire elementals
  A fire bat (Elf:2)
  2 golden eyes
  24 yaks
  A human (shapeshifter) (Vaults:4)
  5 basilisks
  2 hungry ghosts
  4 neqoxecs
  3 chaos spawn (Abyss:1)
  9 hippogriffs
  10 vampire mosquitoes
  A naga (Abyss:4)
  A harpy simulacrum (Tomb:3)
  4 wargs
  A mottled dragon (D:12)
  3 spatial vortices
  8 water moccasins
  2 hell hounds
  9 porcupines
  2 ice beasts (Abyss:1)
  4 eyes of draining
  38 orc warriors
  A phantom (D:12)
  3 sky beasts
  An eye of draining (shapeshifter) (D:14)
  A wasp (shapeshifter) (Vaults:2)
  4 black bears (Lair:8)
  6 wasps
  13 boggarts
  28 ogres
  A blink frog zombie (Crypt:3)
  4 necrophages
  A snapping turtle skeleton (Tomb:1)
  21 wolves
  2 human skeletons
  22 centaurs
  17 crocodiles
  17 giant frogs
  A big kobold (Sewer)
  A gnoll sergeant (D:9)
  A wyvern zombie (D:13)
  A glowing shapeshifter simulacrum (Vaults:3)
  3 earth elementals
  A water moccasin zombie (D:7)
  3 scorpions
  A scorpion (shapeshifter) (Depths:2)
  2 wyvern skeletons
  A cyclops skeleton (Crypt:3)
  29 killer bees
  3 electric eels (Elf:3)
  2 vampire bats (Abyss:2)
  7 wights
  2 lava snakes (Lair:6)
  5 centaur zombies
  5 crimson imps
  5 giant frog zombies
  4 quasits
  A soldier ant zombie (Crypt:3)
  A wolf skeleton (Crypt:2)
  11 small abominations
  2 iron imps (Abyss:1)
  Crazy Yiuf (D:3)
  18 orc priests
  5 hounds
  20 jellies
  4 giant frog skeletons
  34 orc wizards
  A black bear skeleton (Crypt:2)
  A two-headed ogre skeleton (Crypt:3)
  14 iguanas
  7 worker ants
  A boulder beetle simulacrum (Vaults:1)
  16 sheep
  A tengu zombie (Abyss:1)
  3 hound zombies
  A necrophage skeleton (Crypt:1)
  2 hound skeletons
  26 mummies
  A howler monkey zombie (D:5)
  2 worker ant zombies (D:5)
  A hell rat skeleton (Crypt:2)
  3 gnolls (D:9)
  55 river rats
  20 adders
  3 shadow imps
  3 white imps
  3 ufetubi (Abyss:1)
  An ooze (D:6)
  2 adder skeletons
  2 dart slugs
  2 worms
  6 giant geckos
  97 orcs
  7 ball pythons
  3 bats
  10 giant cockroaches
  9 goblins
  4 hobgoblins
  8 jackals
  25 kobolds
  3 quokkas
  A giant cockroach zombie (D:5)
  3 giant gecko skeletons
  10 giant newts
  A gnoll skeleton (Crypt:3)
  A jackal skeleton (D:5)
  A jackal zombie (D:5)
  3 quokka skeletons
  25 rats
  A fungus (Lair:8)
  2 tentacles (Shoals:4)
2018 creatures vanquished.

Vanquished Creatures (collateral kills)
  Boris (Vaults:4)
  An iron giant (Depths:2)
  Xtahua (Vaults:3)
  2 golden dragons (Vaults:5)
  Arachne (Spider:3)
  The ghost of Moloch the Minotaur Blade, an adept MiBe of Trog (Vaults:4)
  3 tentacled monstrosities (Vaults:5)
  2 liches
  A deep elf blademaster (Elf:3)
  Asterion (Depths:2)
  The ghost of B1inky the Tortoise, an adept DsMo of Makhleb (Vaults:2)
  3 titans
  2 deep elf master archers (Elf:3)
  An ancient champion (Crypt:3)
  7 acid blobs
  Frances (Vaults:4)
  3 tengu reavers
  5 shadow dragons
  3 sphinxes
  4 frost giants
  6 fire giants
  2 deep elf sorcerers (Elf:3)
  7 vault wardens (Vaults:5)
  Aizul (Vaults:1)
  2 ghouls
  3 ironheart preservers (Vaults:5)
  An emperor scorpion (Spider:4)
  2 deep elf elementalists (Elf:3)
  8 stone giants
  The ghost of skk the Fighter, a journeyman DsFi of Okawaru (Orc:2)
  4 very ugly things
  3 vampire knights
  A salamander stormcaller (Vaults:5)
  2 deep elf annihilators (Vaults:2)
  3 spark wasps (Depths:2)
  A deep elf demonologist (Elf:3)
  2 deep elf death magi (Elf:3)
  6 merfolk javelineers
  An ettin (Vaults:5)
  The ghost of skk the Blocker, a journeyman DsFi of Okawaru (D:14)
  A quicksilver dragon zombie (Tomb:1)
  2 death oozes (Slime:6)
  3 jiangshi
  4 fire dragons
  4 merfolk impalers
  18 vault guards
  A mummy priest (Tomb:1)
  A great orb of eyes (shapeshifter) (Vaults:5)
  3 yaktaur captains
  A green death (Depths:3)
  3 ice dragons
  2 deep elf high priests
  2 great orbs of eyes
  A hydra (shapeshifter) (Vaults:5)
  A hydra (Lair:7)
  A merfolk avatar (Shoals:1)
  2 alligator snapping turtles
  3 merfolk aquamancers (Shoals:4)
  2 spriggan air magi (Depths:2)
  2 death knights
  4 ogre magi
  2 centaur warriors (Vaults:1)
  3 dancing weapons
  2 tengu warriors
  2 deep troll earth magi
  3 vampire magi
  2 deep troll shamans
  2 satyrs
  A spriggan berserker (Depths:2)
  3 deep elf knights
  2 orc high priests (Orc:2)
  2 skeletal warriors
  A shadow wraith (Vaults:5)
  An iron troll (Depths:1)
  11 deep trolls
  7 hell knights
  6 sea snakes
  2 spark wasp zombies (Depths:2)
  2 flayed ghosts
  3 hornets (Spider:4)
  17 harpies
  8 ironbrand convokers
  2 orc knights
  6 orb spiders
  9 wolf spiders
  3 phantasmal warriors (Vaults:5)
  An orb spider (shapeshifter) (Vaults:2)
  8 deep elf magi
  2 necromancers (Depths:2)
  2 orc sorcerers (Orc:2)
  8 fauns
  4 griffons
  2 shining eyes
  17 ugly things
  5 manticores
  2 molten gargoyles (Elf:2)
  7 sirens
  An octopode (shapeshifter) (Vaults:5)
  4 vault sentinels
  A water nymph (Shoals:4)
  An eye of devastation (Slime:5)
  A centaur skeleton (D:13)
  A spiny frog (shapeshifter) (Depths:2)
  4 freezing wraiths
  A death yak zombie (Crypt:3)
  3 demonic crawlers (Spider:2)
  A komodo dragon (Lair:3)
  9 yaktaurs
  A kobold demonologist (D:13)
  A red draconian skeleton (Crypt:1)
  A troll (Vaults:4)
  A guardian mummy (Tomb:1)
  2 polar bears
  6 jumping spiders
  A boulder beetle (Spider:2)
  7 merfolk
  5 wind drakes
  28 slime creatures
  9 two-headed ogres
  A blink frog (Lair:7)
  A snapping turtle (Shoals:4)
  A bog body (Crypt:1)
  5 air elementals (Depths:2)
  21 redbacks
  A wyvern (D:11)
  4 tarantellas
  8 yaks
  3 water elementals
  A wraith (D:13)
  A fire bat (Elf:2)
  A golden eye (shapeshifter) (Vaults:2)
  2 wargs
  A mottled dragon (Vaults:1)
  2 hippogriffs
  A monstrous demonspawn zombie (Crypt:1)
  A hungry ghost (D:11)
  A water moccasin (D:8)
  2 porcupines
  5 orc warriors
  3 eyes of draining
  20 ogres
  A black bear (D:8)
  A wasp (Lair:8)
  A necrophage (Crypt:1)
  5 wolves
  6 boggarts
  3 big kobolds
  3 giant frogs
  A giant frog (shapeshifter) (Vaults:3)
  10 killer bees
  2 electric eels (Spider:3)
  2 hounds (D:11)
  8 jellies
  11 orc wizards
  5 orc priests
  2 worker ants
  2 sheep (Lair:7)
  A demigod skeleton (Crypt:1)
  2 mummies (Tomb:1)
  14 river rats
  An ufetubus (Depths:3)
  An orc zombie (Orc:2)
  23 orcs
  2 kobolds
  8 plants
  A tentacle (Shoals:4)
613 creatures vanquished.

Vanquished Creatures (others)
  4 profane servitors
  2 bone dragons
  A sphinx (Tomb:1)
  A fire giant (Vaults:4)
  A deep elf elementalist (Elf:3)
  A ghoul (Vaults:2)
  A stone giant (Vaults:3)
  12 vampire knights
  A salamander stormcaller (Vaults:5)
  3 very ugly thing zombies (Depths:2)
  A yaktaur captain (Vaults:5)
  A deep troll earth mage (Depths:2)
  A vampire mage (Depths:1)
  2 titan zombies
  A deep elf knight (Vaults:1)
  A golden dragon zombie (Depths:2)
  2 ghost moth zombies (Spider:4)
  6 skeletal warriors
  15 death scarabs
  2 spark wasp zombies
  4 deep elf archers
  3 sphinx zombies
  9 flayed ghosts
  3 phantasmal warriors
  A deep elf mage (Elf:1)
  A stone giant zombie (Depths:2)
  8 ugly thing zombies (Depths:2)
  2 death scarab zombies (Tomb:1)
  5 wolf spider zombies (Spider:4)
  An ugly thing (D:14)
  2 fire giant zombies (Depths:2)
  2 frost giant zombies
  An orc sorcerer (Orc:2)
  A salamander zombie (Vaults:5)
  A sphinx skeleton (Vaults:5)
  A fire giant skeleton (Vaults:4)
  3 elf zombies
  13 redback zombies
  A centaur zombie (Orc:2)
  2 yaktaurs
  3 sea snake zombies
  A hydra zombie (Tomb:2)
  A demonic crawler zombie (Spider:2)
  11 harpy zombies
  A jumping spider (Spider:3)
  A wind drake (Shoals:4)
  2 ice dragon zombies (Depths:2)
  A hornet zombie (Spider:2)
  3 tarantella zombies (Spider:4)
  5 jumping spider zombies
  2 griffon zombies
  20 flying skulls
  4 wraiths
  3 fire dragon zombies (Depths:2)
  7 vampires
  2 wind drake zombies (Shoals:4)
  A black mamba zombie (Lair:3)
  A black mamba skeleton (Tomb:2)
  16 merfolk zombies (Shoals:4)
  7 deep troll zombies
  19 human zombies
  6 orb spider zombies
  2 deep troll skeletons
  An anubis guard zombie (Tomb:1)
  An ogre (Vaults:5)
  2 manticore zombies (Shoals:4)
  An elephant zombie (D:11)
  A snapping turtle zombie (Shoals:4)
  A vampire mosquito zombie (Vaults:3)
  A fire crab zombie (Lair:7)
  A komodo dragon zombie (Lair:3)
  7 yaktaur zombies
  2 small abominations (Abyss:1)
  A spriggan zombie (Depths:2)
  A hippogriff zombie (D:11)
  3 yak zombies
  2 tengu zombies
  2 wights
  2 yak skeletons
  A hippogriff skeleton (D:7)
  A quasit (Depths:4)
  2 giant frog zombies (D:13)
  A wasp zombie (D:12)
  2 two-headed ogre zombies
  A centaur skeleton (D:8)
  3 killer bee zombies
  4 ogre zombies
  A crocodile zombie (D:11)
  A mottled dragon zombie (D:12)
  A human skeleton (D:11)
  A mummy (D:11)
  An ufetubus (Abyss:1)
  8 orc zombies
  4 sheep zombies
  An adder zombie (D:12)
  2 orcs (Orc:2)
  2 fungi
  3 lost souls
  7 plants
  33 spectral weapons
  4 starspawn tentacles (Abyss:1)
  A starspawn tentacle segment (Abyss:1)
  11 tentacles (Shoals:4)
  365 tentacle segments (Shoals:4)
732 creatures vanquished.

Grand Total: 3363 creatures vanquished

Notes
Turn   | Place    | Note
--------------------------------------------------------------
     0 | D:1      | 4thArraOfDagon the Centaur Air Elementalist began the quest for the Orb.
     0 | D:1      | Reached XP level 1. HP: 14/14 MP: 3/3
     0 | D:1      | LETS GO
    81 | D:1      | Reached skill level 1 in Conjurations
   430 | D:1      | Reached XP level 2. HP: 16/20 MP: 1/4
   790 | D:3      | Reached XP level 3. HP: 15/26 MP: 6/6
   851 | D:3      | Found a glowing drain.
   975 | Sewer    | Entered a sewer
  1072 | Sewer    | Reached XP level 4. HP: 5/33 MP: 0/7
  1194 | Sewer    | Learned a level 2 spell: Repel Missiles
  1197 | Sewer    | Learned a level 2 spell: Swiftness
  1226 | Sewer    | Noticed a big kobold
  1303 | Sewer    | Killed a big kobold
  1303 | Sewer    | Reached XP level 5. HP: 26/38 MP: 0/8
  1426 | Sewer    | 4thArraOfDagon: hiiii
  1450 | Sewer    | Learned a level 3 spell: Static Discharge
  1503 | Sewer    | pipel: hey!
  1825 | Sewer    | pipel: those damn kobolds
  1825 | Sewer    | pipel: almost killed you
  1825 | Sewer    | 4thArraOfDagon: yea
  1873 | Sewer    | 4thArraOfDagon: there's one more mob, isn't there
  2161 | D:5      | Entered Level 5 of the Dungeon
  2240 | D:4      | Found a staircase to the Ecumenical Temple.
  2248 | Temple   | Entered the Ecumenical Temple
  2277 | Temple   | pipel: scorpions are really a free xp for centaur with a blowgun
  2285 | Temple   | 4thArraOfDagon: ahh yeah
  2285 | Temple   | 4thArraOfDagon: i totally forgot about bgun
  2285 | Temple   | 4thArraOfDagon: :S
  2285 | Temple   | pipel: :)
  2285 | Temple   | 4thArraOfDagon: ok, lets see what we got here
  2285 | Temple   | 4thArraOfDagon: hmm
  2285 | Temple   | 4thArraOfDagon: yred sounds like fun
  2289 | Temple   | Became a worshipper of Yredelemnul the Dark
  2318 | D:4      | Reached XP level 6. HP: 45/45 MP: 7/9
  2372 | D:4      | 4thArraOfDagon: lets go to d:2 for some piety
  2818 | D:3      | Noticed Grinder
  2855 | D:3      | Killed Grinder
  2855 | D:3      | Reached skill level 3 in Long Blades
  2922 | D:4      | Reached XP level 7. HP: 33/50 MP: 10/10
  3323 | D:3      | Noticed Crazy Yiuf
  3335 | D:3      | pipel: poison
  3367 | D:3      | Killed Crazy Yiuf
  3516 | D:2      | 4thArraOfDagon: i keep forgetting!
  3663 | D:2      | Reached skill level 4 in Long Blades
  4096 | D:1      | Reached * piety under Yredelemnul
  4570 | D:6      | jacquesderrida: deeeeeeeeeeeeng
  4600 | D:6      | pipel: hey jd
  4693 | D:5      | Reached skill level 1 in Invocations
  4701 | D:5      | 4thArraOfDagon: yoo'
  4750 | D:5      | Reached skill level 1 in Fighting
  4828 | D:5      | Found a blossoming altar of Fedhas.
  4924 | D:5      | jacquesderrida: haiiiiiiiiii
  5138 | D:5      | Found a white marble altar of Elyvilon.
  5267 | D:6      | Reached skill level 5 in Long Blades
  5309 | D:6      | Reached XP level 8. HP: 27/61 MP: 4/11
  5419 | D:6      | Gained mutation: You are robust (+10% HP). [mutagenic meat]
  5420 | D:6      | Gained mutation: You are resistant to hostile enchantments. [mutagenic meat]
  5421 | D:6      | Lost mutation: You are resistant to hostile enchantments. [mutagenic meat]
  5422 | D:6      | Gained mutation: You passively map a small area around you. [mutagenic meat]
  5423 | D:6      | Gained mutation: You tend to lose your temper in combat. [mutagenic meat]
  5424 | D:6      | Gained mutation: You are covered in fur (AC +1). [mutagenic meat]
  5610 | D:6      | Found a shimmering altar of Xom.
  5637 | D:6      | Noticed Pikel
  5643 | D:6      | Found a glowing silver altar of Zin.
  5643 | D:6      | Found a shimmering altar of Xom.
  5643 | D:6      | Noticed an angel
  5664 | D:6      | HP: 2/68 [centaur (5)]
  5670 | D:6      | Reached skill level 1 in Armour
  5699 | D:6      | Reached skill level 6 in Long Blades
  5749 | D:6      | Found Bocaumpo's Book Shoppe.
  5754 | D:6      | pipel: RNG strongly dislikes you going with Yred
  6473 | D:6      | Reached XP level 9. HP: 78/78 MP: 4/12
  6505 | D:6      | Got a pitted chain mail
  6526 | D:6      | Identified the +4 chain mail "Hegux" {MR+ Regen+} (You found it on level 6 of the Dungeon)
  6529 | D:7      | Found Ugainua's Antique Armour Boutique.
  6940 | D:7      | 4thArraOfDagon: there
  6947 | D:7      | pipel: unholy grail
  7135 | D:5      | Found a shattered altar of Ashenzari.
  7595 | D:4      | Reached skill level 7 in Long Blades
  7865 | D:4      | Found a sacrificial altar of Ru.
  8146 | D:6      | Reached ** piety under Yredelemnul
  8563 | D:8      | Found a snail-covered altar of Cheibriados.
  8957 | D:9      | Reached skill level 5 in Invocations
  9176 | D:8      | Reached *** piety under Yredelemnul
  9236 | D:9      | Found a shadowy altar of Dithmenos.
  9237 | D:9      | Found a radiant altar of Vehumet.
  9291 | D:9      | Noticed Maurice
  9316 | D:10     | Entered Level 10 of the Dungeon
  9375 | D:10     | Noticed a hill giant
  9530 | D:10     | Reached skill level 8 in Long Blades
  9565 | D:11     | Reached skill level 5 in Fighting
  9565 | D:11     | Reached XP level 10. HP: 89/89 MP: 9/14
  9940 | D:10     | Noticed Psyche
 10161 | D:8      | Received a gift from Yredelemnul
 10463 | D:7      | incide: challenge run or regular?
 10598 | D:9      | 4thArraOfDagon: regular i guess
 10598 | D:9      | 4thArraOfDagon: regular challenge run
 10624 | D:9      | Noticed a hill giant
 10643 | D:9      | Killed a hill giant
 10727 | D:9      | Noticed Erolcha
 10734 | D:9      | Noticed Erica
 10739 | D:9      | Killed Erolcha
 10739 | D:9      | Reached skill level 9 in Long Blades
 10751 | D:9      | Killed Erica
 10857 | D:9      | Found a staircase to the Orcish Mines.
 11240 | D:11     | Reached **** piety under Yredelemnul
 11302 | D:11     | Reached XP level 11. HP: 98/98 MP: 16/16
 11331 | D:11     | Found a staircase to the Lair.
 11492 | D:11     | Received a gift from Yredelemnul
 11525 | D:11     | Noticed a cyan ugly thing
 11536 | D:11     | Killed a cyan ugly thing
 11542 | D:11     | Gained mutation: You are partially covered in molten scales (AC +1). [mutagenic meat]
 11613 | D:11     | Killed Maurice
 11622 | D:11     | Found Hulorchuh's Food Shoppe.
 11664 | D:11     | Reached skill level 10 in Long Blades
 11959 | D:11     | Noticed Sonja
 11965 | D:11     | Killed Sonja
 12111 | D:12     | Noticed a skeletal warrior
 12116 | D:12     | Noticed a skeletal warrior
 12232 | D:12     | Reached skill level 5 in Armour
 12300 | D:13     | Noticed a tengu warrior
 12329 | D:12     | Killed a tengu warrior
 12374 | D:12     | Noticed a skeletal warrior
 12549 | D:13     | Received a gift from Yredelemnul
 12592 | D:13     | Found a radiant altar of Vehumet.
 12647 | D:14     | Found Cupu's Weapon Shoppe.
 12662 | D:13     | Noticed a death knight
 12662 | D:13     | Noticed a skeletal warrior
 12663 | D:13     | Noticed grom234's ghost (journeyman HOFi)
 12823 | D:12     | Noticed a skeletal warrior
 13691 | D:13     | Killed a skeletal warrior
 13691 | D:13     | Reached skill level 11 in Long Blades
 13885 | D:14     | Paralysed by fainting for 8 turns
 13980 | D:14     | Noticed a tengu warrior
 13986 | D:14     | Noticed skk's ghost (journeyman DsFi)
 14048 | D:13     | Received a gift from Yredelemnul
 14167 | D:13     | Reached XP level 12. HP: 78/109 MP: 18/18
 14343 | D:11     | Your ally Maurice died
 14413 | Orc:1    | Entered Level 1 of the Orcish Mines
 14529 | Orc:2    | Entered Level 2 of the Orcish Mines
 14529 | Orc:2    | Noticed a stone giant
 14529 | Orc:2    | Noticed skk's ghost (journeyman DsFi)
 14652 | Orc:1    | Killed a stone giant
 14793 | Orc:2    | Noticed Nessos
 14815 | Orc:2    | Killed Nessos
 14980 | Orc:2    | Received a gift from Yredelemnul
 14984 | Orc:2    | Found Uhymuss's Assorted Antiques.
 15062 | Orc:2    | Found a staircase to the Elven Halls.
 15123 | Orc:1    | Noticed Gastronok
 15128 | Orc:1    | Received a gift from Yredelemnul
 15135 | Orc:1    | Killed Gastronok
 15249 | Orc:2    | Noticed an orc high priest
 15254 | Orc:2    | Noticed an orc high priest
 15279 | Orc:2    | Killed an orc high priest
 15295 | Orc:2    | Killed an orc high priest
 15372 | Orc:2    | Reached skill level 12 in Long Blades
 15545 | Orc:2    | Received a gift from Yredelemnul
 15652 | Orc:2    | Your ally Nessos died
 15707 | Orc:2    | Killed skk's ghost
 15768 | Orc:2    | Found Initezao's Book Emporium.
 15903 | Orc:2    | Found an ancient bone altar of Kikubaaqudgha.
 15910 | Orc:2    | Noticed Nergalle
 15913 | Orc:2    | Received a gift from Yredelemnul
 15928 | Orc:2    | Killed Nergalle
 15928 | Orc:2    | Reached skill level 10 in Invocations
 15973 | Orc:2    | Found Hoejaepo's Antique Armour Emporium.
 15973 | Orc:2    | Noticed an ogre mage
 15974 | Orc:2    | Noticed an ogre mage
 15997 | Orc:2    | Killed an ogre mage
 15997 | Orc:2    | Reached XP level 13. HP: 120/120 MP: 20/20
 16016 | Orc:2    | Found a radiant altar of Vehumet.
 16106 | Orc:2    | Found a roughly hewn altar of Beogh.
 16107 | Orc:2    | Found Ejaisu Wesi's Magic Scroll Emporium.
 16118 | Orc:2    | Found Safouv's Antique Armour Shoppe.
 16139 | Orc:2    | Bought a pair of embroidered gloves for 189 gold pieces
 16155 | Orc:2    | Bought a scroll of teleportation for 42 gold pieces
 16155 | Orc:2    | Bought a scroll of magic mapping for 49 gold pieces
 16155 | Orc:2    | Bought a scroll of magic mapping for 49 gold pieces
 16252 | Orc:2    | Bought a glowing demon blade for 450 gold pieces
 16305 | Orc:2    | Received a gift from Yredelemnul
 16573 | D:10     | Paralysed by fainting for 6 turns
 16666 | Lair:1   | Entered Level 1 of the Lair of Beasts
 16859 | Lair:1   | Reached ***** piety under Yredelemnul
 17299 | Lair:2   | Reached skill level 13 in Long Blades
 17517 | Lair:3   | Received a gift from Yredelemnul
 17930 | Lair:3   | Reached skill level 10 in Fighting
 17970 | Lair:3   | Learned a level 2 spell: Sublimation of Blood
 18515 | Lair:5   | Found a staircase to the Shoals.
 18562 | Lair:5   | Received a gift from Yredelemnul
 19146 | Lair:7   | Reached XP level 14. HP: 88/131 MP: 10/22
 19233 | Lair:7   | Found a staircase to the Slime Pits.
 19346 | Lair:7   | Received a gift from Yredelemnul
 19400 | Lair:7   | Reached skill level 14 in Long Blades
 19433 | Lair:6   | Found a hole to the Spider Nest.
 19615 | Lair:8   | Entered Level 8 of the Lair of Beasts
 19863 | Lair:8   | Received a gift from Yredelemnul
 20029 | Lair:8   | Received a gift from Yredelemnul
 20170 | Lair:8   | pipel: is drain life really spammable like that? nice
 20222 | Lair:8   | 4thArraOfDagon: yeah
 20256 | Lair:8   | Received a gift from Yredelemnul
 20265 | Lair:8   | 4thArraOfDagon: but you need significant invo investment to be effective
 20324 | Lair:7   | 4thArraOfDagon: and it drains piety very fast if you are going to actually spam it
 20472 | D:10     | Killed Psyche
 20564 | D:7      | Bought the +10 Black Knight's horse barding {ponderous, rPois rN+} for 1711 gold pieces
 20575 | D:7      | incide: oh sweet blackknight
 21023 | D:14     | Paralysed by a wizard for 3 turns
 21097 | D:14     | Received a gift from Yredelemnul
 21106 | D:14     | Gained mutation: You are weak. (Str -2) [potion of mutation]
 21106 | D:14     | Gained mutation: You are very robust (+20% HP). [potion of mutation]
 21184 | D:14     | pipel: use lamp
 21187 | D:14     | Reached skill level 1 in Evocations
 21216 | D:14     | pipel: nvm
 21353 | D:14     | Reached skill level 15 in Long Blades
 21378 | D:14     | Reached XP level 15. HP: 125/154 MP: 24/24
 21429 | D:14     | Killed skk's ghost
 21444 | D:14     | Found a gate to the Vaults.
 21612 | D:15     | Entered Level 15 of the Dungeon
 21714 | D:15     | Reached XP level 16. HP: 162/162 MP: 25/25
 21931 | D:15     | Found a staircase to the Depths.
 21982 | Depths:1 | Entered Level 1 of the Depths
 22020 | Depths:1 | Reached ****** piety under Yredelemnul
 22034 | Depths:1 | Received a gift from Yredelemnul
 22642 | Depths:1 | Received a gift from Yredelemnul
 22816 | Depths:1 | incide: what's in those fiery vaults? i encountered one but forgot to check it out before splatting the char
 22818 | Depths:1 | Found a gateway to Hell.
 22826 | Depths:1 | 4thArraOfDagon: fiery vaults?
 22826 | Depths:1 | incide: that one with flame clouds
 22826 | Depths:1 | 4thArraOfDagon: ahh yeah
 22826 | Depths:1 | 4thArraOfDagon: i've never been there
 22829 | Depths:1 | Got a shimmering chain mail
 22885 | Depths:1 | Identified the +3 chain mail of Exil {Dex+6} (You found it on level 1 of the Depths)
 23092 | Depths:2 | Noticed Asterion
 23117 | Depths:2 | Killed Asterion
 23119 | Depths:2 | lol
 23169 | Depths:2 | Received a gift from Yredelemnul
 23192 | Depths:2 | Reached skill level 1 in Shields
 23212 | Depths:2 | Reached skill level 16 in Long Blades
 23246 | Depths:2 | Noticed a tengu reaver
 23338 | Depths:2 | Killed a tengu reaver
 23556 | Depths:2 | Found a deep blue altar of Sif Muna.
 23766 | Depths:2 | Noticed Sojobo
 23766 | Depths:2 | Noticed a tengu reaver
 23782 | Depths:1 | Killed a tengu reaver
 23858 | Depths:1 | Killed Sojobo
 23933 | Depths:2 | Reached XP level 17. HP: 127/177 MP: 23/26
 23940 | Depths:2 | Got a crude platinum amulet
 23974 | Depths:2 | Identified the amulet "Buheipp" {Faith *Confuse +Blink rN+ MR+} (You took it off a fire giant on level 2 of the Depths)
 24218 | Depths:2 | Received a gift from Yredelemnul
 24341 | Depths:2 | Received a gift from Yredelemnul
 24351 | Depths:2 | Reached skill level 10 in Armour
 24403 | Depths:2 | Received a gift from Yredelemnul
 24477 | Depths:2 | Noticed a titan
 24478 | Depths:2 | Noticed a golden dragon
 24480 | Depths:2 | Received a gift from Yredelemnul
 24485 | Depths:2 | Reached skill level 5 in Shields
 24488 | Depths:2 | Noticed an iron giant
 24499 | Depths:2 | Killed a golden dragon
 24499 | Depths:2 | Reached skill level 17 in Long Blades
 24500 | Depths:2 | Killed a titan
 24506 | Depths:2 | Received a gift from Yredelemnul
 24746 | Depths:2 | Received a gift from Yredelemnul
 25074 | Depths:2 | Received a gift from Yredelemnul
 25420 | Depths:2 | Identified the Disquisition on Hurtful Good Luck
 25550 | Depths:2 | Received a gift from Yredelemnul
 25579 | Depths:2 | Reached XP level 18. HP: 168/188 MP: 27/27
 25635 | Depths:2 | Learned a level 8 spell: Death's Door
 25708 | Depths:2 | Killed an iron giant
 25849 | Depths:2 | Received a gift from Yredelemnul
 26170 | Depths:3 | Received a gift from Yredelemnul
 26209 | Depths:3 | Noticed a lich
 26216 | Depths:3 | Killed a lich
 26394 | Depths:5 | Entered Level 5 of the Depths
 26625 | Depths:2 | Upgraded the game from 0.18-a0-1764-gf4ddf0b to 0.18-a0-1774-gce1f7b6
 26877 | D:13     | Killed grom234's ghost
 27117 | Orc:2    | Bought a distressingly furry scale mail for 378 gold pieces
 27122 | Orc:2    | Identified the +1 scale mail of Slovenliness {rElec rF- MR+ MP+9} (You bought it in a shop on level 2 of the Orcish Mines)
 27359 | Shoals:1 | Entered Level 1 of the Shoals
 27741 | Shoals:2 | Received a gift from Yredelemnul
 27931 | Shoals:3 | Found Kevu's Distillery.
 27972 | Shoals:3 | Bought a potion of curing for 57 gold pieces
 27972 | Shoals:3 | Bought a potion of magic for 152 gold pieces
 27972 | Shoals:3 | Bought a potion of magic for 152 gold pieces
 28034 | Shoals:3 | Received a gift from Yredelemnul
 28053 | Shoals:4 | Entered Level 4 of the Shoals
 28096 | Shoals:4 | Reached skill level 18 in Long Blades
 28233 | Shoals:4 | Noticed Ilsuiw
 28253 | Shoals:4 | Killed Ilsuiw
 28267 | Shoals:4 | Got a barnacled rune of Zot
 28345 | Shoals:4 | Got a brightly glowing helmet
 28346 | Shoals:4 | Identified the +2 helmet of Keplihum {rElec MR+} (You found it on level 4 of the Shoals)
 28385 | Shoals:4 | Reached XP level 19. HP: 171/200 MP: 15/28
 28623 | Shoals:4 | beem: I am beem. For help, type: !beem help
 28687 | Shoals:4 | magipi: hello
 28782 | Shoals:4 | timbw: YRED
 28794 | Shoals:4 | timbw: 4tharra when are you going to go full korean
 28805 | Shoals:4 | timbw: and get a 20k win with beogh
 28805 | Shoals:4 | 4thArraOfDagon: HI
 28805 | Shoals:4 | 4thArraOfDagon: 한국어/조선말?
 28805 | Shoals:4 | 4thArraOfDagon: i'm already there^_^
 28816 | Shoals:4 | timbw: :d
 28816 | Shoals:4 | 4thArraOfDagon: but sersiouly i know chinese
 28816 | Shoals:4 | timbw: what
 28816 | Shoals:4 | 4thArraOfDagon: self-studied
 28816 | Shoals:4 | timbw: you are pl?
 28816 | Shoals:4 | 4thArraOfDagon: touristic/kindergarten level
 28816 | Shoals:4 | 4thArraOfDagon: yeah
 28816 | Shoals:4 | timbw: cool
 28816 | Shoals:4 | 4thArraOfDagon: i'm from polinesia
 28873 | Shoals:4 | timbw: wait what
 28912 | Shoals:4 | ilikecats: never seen a rune mimic before
 28913 | Shoals:4 | Received a gift from Yredelemnul
 28926 | Shoals:4 | timbw: sorry I dont know what sort of issues there might be in polinesia
 28939 | Shoals:3 | timbw: but going form polinesia to poland seams like a bad trade
 28970 | Shoals:3 | timbw: similiary shitty climate as the rest of us europeans etc
 28970 | Shoals:3 | 4thArraOfDagon: its still pl
 28970 | Shoals:3 | 4thArraOfDagon: and yeah
 28970 | Shoals:3 | 4thArraOfDagon: them issues...
 28970 | Shoals:3 | 4thArraOfDagon: you have obviously planty of water
 28970 | Shoals:3 | 4thArraOfDagon: and CRABS
 28979 | Shoals:2 | timbw: I guess internet would suck
 28984 | Shoals:2 | timbw: high ping everwhere
 28991 | Shoals:2 | timbw: early sunrise year round
 28991 | Shoals:2 | 4thArraOfDagon: where is even polynesia, oceania?
 29029 | Shoals:1 | timbw: out in the middle of nowhere I think?
 29293 | Spider:1 | Entered Level 1 of the Spider Nest
 29431 | Spider:2 | magipi: omg
 29440 | Spider:2 | Received a gift from Yredelemnul
 29465 | Spider:2 | timbw: I didnt notice it as Ce until now
 29481 | Spider:2 | timbw: I was wondering why you had such a hard time :D
 29484 | Spider:2 | timbw: that explains it
 29547 | Spider:2 | timbw: man Ce is not even strong with this xl and ac
 29547 | Spider:2 | timbw: why are they so bad
 29547 | Spider:2 | 4thArraOfDagon: I dont know
 29547 | Spider:2 | 4thArraOfDagon: they are suppose to be very easy
 29547 | Spider:2 | timbw: I often argue agasint that
 29547 | Spider:2 | Mulzaro: They are pretty pidgeon holed to ranged combat
 29547 | Spider:2 | timbw: people insist on overestimating speed
 29547 | Spider:2 | 4thArraOfDagon: who the f*** wrote that sentece in chaosforge
 29547 | Spider:2 | timbw: running fast is good but it doesnt mean much when you cant kill shti
 29547 | Spider:2 | Mulzaro: I hate the crap EV the most
 29555 | Spider:2 | Learned a level 3 spell: Spectral Weapon
 29559 | Spider:2 | Learned a level 3 spell: Regeneration
 29602 | Spider:2 | timbw: Ce is probably in the top 15 worst species as far as I am concerned, not in top 3 as so many like to list them
 29622 | Spider:3 | ilikecats: spider's nest made me love the amulets of reflection
 29634 | Spider:3 | ilikecats: those orbs rebounding everywhere :D
 29637 | Spider:2 | Received a gift from Yredelemnul
 29654 | Spider:2 | Ajae: :P
 29702 | Spider:3 | Noticed Arachne
 29728 | Spider:3 | Killed Arachne
 29773 | Spider:3 | Mulzaro: Minotaur and Gargoyle are in the top 3 easiest for sure
 29823 | Spider:3 | Ajae: Yeah...
 29824 | Spider:3 | Reached skill level 1 in Charms
 29865 | Spider:3 | Received a gift from Yredelemnul
 29873 | Spider:3 | ilikecats: I find DD the easiest, those insane resistances
 29884 | Spider:3 | timbw: I think im talking powerlevel though, keep that in mind
 29891 | Spider:3 | Mulzaro: DD is so tedious so I have bad experience with them :D
 29895 | Spider:3 | Received a gift from Yredelemnul
 29913 | Spider:3 | ilikecats: Pakellas makes them more fun
 29926 | Spider:3 | timbw: powerlevel as in, easiest to get a guaranteed win in combination with easy to get a fast win
 29991 | Spider:4 | Entered Level 4 of the Spider Nest
 30008 | Spider:4 | Reached skill level 1 in Necromancy
 30012 | Spider:4 | timbw: I dont think Ce stands out as excellent in either
 30141 | Spider:4 | Mulzaro: but people tell that ranged combat is op as fuck!
 30149 | Spider:4 | Mulzaro: in the tavern ":D"
 30149 | Spider:4 | Received a gift from Yredelemnul
 30197 | Spider:4 | 4thArraOfDagon: everything is op at 100k turns...
 30250 | Spider:4 | Reached skill level 5 in Spellcasting
 30384 | Spider:4 | Received a gift from Yredelemnul
 30617 | Spider:4 | Got a gossamer rune of Zot
 30826 | Slime:1  | Entered Level 1 of the Pits of Slime
 30868 | Slime:1  | Received a gift from Yredelemnul
 31024 | Slime:2  | Received a gift from Yredelemnul
 31107 | Slime:2  | Reached skill level 10 in Shields
 31234 | Slime:4  | Turgon: Hi - how do you get 43 AC with a Ce?
 31361 | Slime:4  | 4thArraOfDagon: +10 barding
 31361 | Slime:4  | Turgon: ah this one
 31361 | Slime:4  | Turgon: thanks
 31361 | Slime:4  | 4thArraOfDagon: yeah
 31372 | Slime:5  | Gained mutation: You occasionally shout uncontrollably at your foes. [a shining eye]
 31372 | Slime:5  | Gained mutation: You often lose your temper in combat. [a shining eye]
 31374 | Slime:5  | Gained mutation: Your magical capacity is low (-10% MP). [a shining eye]
 31374 | Slime:5  | Lost mutation: You are very robust (+20% HP). [a shining eye]
 31375 | Slime:6  | Entered Level 6 of the Pits of Slime
 31376 | Slime:6  | 4thArraOfDagon: op muts!
 31378 | Slime:6  | timbw: op muts :D
 31378 | Slime:6  | ilikecats: slime pits are a nightmare since rmut was taken out
 31378 | Slime:6  | timbw: that is not
 31378 | Slime:6  | timbw: what I would call op muts
 31378 | Slime:6  | Turgon: ilikecats: slime pits were always doable without amulet rMut
 31378 | Slime:6  | timbw: that is basically
 31378 | Slime:6  | timbw: some rmut
 31378 | Slime:6  | timbw: 2 ac, 10% hp and mapping
 31378 | Slime:6  | timbw: not exactly game breaking
 31378 | Slime:6  | ilikecats: doable but annoying :P
 31378 | Slime:6  | 4thArraOfDagon: i have plan for this floor
 31387 | Slime:6  | NOT
 31387 | Slime:6  | Turgon: Kill TRJ or pray to Jiyva?
 31393 | Slime:6  | ilikecats: need a jug of salt for all these slimes
 31401 | Slime:6  | Turgon: slime is not too hard if you know what to do
 31421 | Slime:6  | timbw: diceroll like most other places
 31422 | Slime:6  | Turgon: Although I usually did abyssal as third rune
 31422 | Slime:6  | Reached XP level 20. HP: 144/191 MP: 19/26
 31458 | Slime:6  | Noticed the Royal Jelly
 31462 | Slime:6  | Gained mutation: Your spells are a little easier to cast, but a little less powerful. [a shining eye]
 31465 | Slime:5  | Gained mutation: Scrolls take you a little longer to read. [a shining eye]
 31466 | Slime:5  | Gained mutation: You have an uncontrollable temper. [a shining eye]
 31470 | Slime:5  | Received a gift from Yredelemnul
 31477 | Slime:5  | Turgon: However, slime is ofc much harder than other lair branches
 31532 | Slime:5  | timbw: I think slime is meant to be done after 2 lair runes, vaults and elf
 31549 | Slime:5  | timbw: recent patches has muddled the water a bit though
 31562 | Slime:5  | timbw: "recent"
 31568 | Slime:6  | Turgon: My personal experience stopped with 0.17
 31569 | Slime:6  | Gained mutation: Your body sometimes deteriorates upon taking damage. [a shining eye]
 31573 | Slime:6  | Killed the Royal Jelly
 31573 | Slime:6  | Killed a bone dragon
 31576 | Slime:6  | Turgon: *** FIRE ***
 31580 | Slime:6  | ilikecats: I love scrolls of immolation
 31597 | Slime:6  | Mulzaro: Feels bad to kill own bone dragon :(
 31644 | Slime:6  | Mulzaro: lol
 31650 | Slime:6  | Turgon: Axe
 31682 | Slime:6  | Identified the Reference Book on the Freezing Entourage (You found it on level 6 of the Pits of Slime)
 31758 | Slime:6  | Got a fine scale mail
 31767 | Slime:6  | Identified the +2 scale mail of Broken Taboos {+Fly rC- Str+7 SInv} (You found it on level 6 of the Pits of Slime)
 31781 | Slime:6  | Got a black opal-encrusted plate armour
 31792 | Slime:6  | Got a slimy rune of Zot
 31830 | Slime:6  | Received a gift from Yredelemnul
 32042 | Lair:6   | Reached skill level 19 in Long Blades
 32248 | Elf:1    | Entered Level 1 of the Elven Halls
 32330 | Elf:1    | Received a gift from Yredelemnul
 32364 | Elf:1    | Identified the +10 plate armour of Infinity {-Tele rElec rPois Slay+2} (You found it on level 6 of the Pits of Slime)
 32410 | Elf:1    | Reached skill level 5 in Charms
 32563 | Elf:1    | Received a gift from Yredelemnul
 32605 | Elf:1    | Found a deep blue altar of Sif Muna.
 32625 | Elf:1    | Reached skill level 5 in Necromancy
 32831 | Elf:1    | Lost mutation: Your spells are a little easier to cast, but a little less powerful. [potion of cure mutation]
 32831 | Elf:1    | Lost mutation: You passively map a small area around you. [potion of cure mutation]
 32831 | Elf:1    | Lost mutation: Your magical capacity is low (-10% MP). [potion of cure mutation]
 32877 | Elf:2    | Found Sotog's Armour Emporium.
 32920 | Elf:2    | Found Tukofela's Weapon Emporium.
 32994 | Elf:2    | Received a gift from Yredelemnul
 33015 | Elf:2    | Found Lomeir's Gadget Shop.
 33064 | Elf:2    | Found a runed gate.
 33171 | Elf:2    | Identified a scroll of acquirement
 33178 | Elf:2    | WOW
 33275 | Elf:3    | Entered Level 3 of the Elven Halls
 33418 | Elf:3    | Received a gift from Yredelemnul
 33707 | Orc:2    | Bought an ichor-stained plate armour for 1176 gold pieces
 33719 | Orc:2    | Identified the +9 plate armour "Zisysot" {Dex+4} (You bought it in a shop on level 2 of the Orcish Mines)
 34107 | Elf:3    | Noticed a Tzitzimitl
 34368 | Elf:3    | Got a pitted turquoise ring
 34373 | Elf:3    | Identified the ring of Sidi {+Fly rN+} (You took it off a deep elf blademaster on level 3 of the Elven Halls)
 34436 | Elf:3    | Received a gift from Yredelemnul
 34449 | Elf:3    | Got a scorched rapier {pierce}
 34450 | Elf:3    | Identified the +8 rapier of Arrival {pierce, Str+5} (You took it off a deep elf death mage on level 3 of the Elven Halls)
 34547 | Elf:3    | Received a gift from Yredelemnul
 34613 | Elf:3    | Identified Tueppes's Volume of Frigorific Necromancy (You found it on level 3 of the Elven Halls)
 34625 | Elf:3    | Identified the Volume of the Dusty Voyage
 34690 | Elf:3    | Identified the Incunabulum of the Lethal Frostbite
 34698 | Elf:3    | Learned a level 1 spell: Apportation
 34698 | Elf:3    | AT LAST
 34701 | Elf:3    | Learned a level 2 spell: Blink
 34706 | Elf:3    | Learned a level 4 spell: Passage of Golubria
 35133 | Vaults:1 | Entered Level 1 of the Vaults
 35153 | Vaults:1 | Received a gift from Yredelemnul
 35193 | Vaults:1 | ilikecats: nice welcome
 35208 | Vaults:1 | Reached XP level 21. HP: 142/199 MP: 3/30
 35245 | Vaults:1 | 4thArraOfDagon: y
 35288 | Vaults:1 | Found Hoisseh's Antique Weapon Shop.
 35369 | Vaults:1 | Lost mutation: You have an uncontrollable temper. [potion of cure mutation]
 35369 | Vaults:1 | Lost mutation: Scrolls take you a little longer to read. [potion of cure mutation]
 35446 | Vaults:1 | Received a gift from Yredelemnul
 35543 | Vaults:1 | Noticed Aizul
 35560 | Vaults:1 | Killed Aizul
 35581 | Vaults:1 | Azisl
 36068 | Vaults:2 | Received a gift from Yredelemnul
 36376 | Vaults:3 | Received a gift from Yredelemnul
 36394 | Vaults:3 | Lost mutation: You are weak. (Str -2) [potion of cure mutation]
 36394 | Vaults:3 | Lost mutation: You are robust (+10% HP). [potion of cure mutation]
 36394 | Vaults:3 | Lost mutation: Your body sometimes deteriorates upon taking damage. [potion of cure mutation]
 36394 | Vaults:3 | Lost mutation: You often lose your temper in combat. [potion of cure mutation]
 36522 | Vaults:4 | Noticed Frances
 36551 | Vaults:4 | Killed Frances
 36570 | Vaults:4 | Received a gift from Yredelemnul
 36654 | Vaults:4 | 4thArraOfDagon: i bbl
 36654 | Vaults:4 | 4thArraOfDagon: ty
 36654 | Vaults:4 | Mulzaro: cya
 36654 | Vaults:4 | 4thArraOfDagon: bye!
 36654 | Vaults:4 | 4thArraOfDagon: <3
 36817 | Vaults:3 | Noticed Xtahua
 36824 | Vaults:3 | Killed Xtahua
 36943 | Vaults:3 | Received a gift from Yredelemnul
 37201 | Vaults:3 | Reached skill level 1 in Hexes
 37367 | Vaults:3 | Received a gift from Yredelemnul
 37548 | Vaults:4 | Received a gift from Yredelemnul
 37605 | Vaults:4 | Noticed Boris
 37615 | Vaults:4 | Killed Boris
 37621 | Vaults:4 | Reached XP level 22. HP: 161/189 MP: 27/32
 37628 | Vaults:4 | Reached skill level 1 in Translocations
 37643 | Vaults:4 | Noticed Moloch's ghost (adept MiBe)
 37657 | Vaults:4 | Killed Moloch's ghost
 37858 | Vaults:5 | Entered Level 5 of the Vaults
 38114 | Vaults:5 | Reached skill level 5 in Hexes
 38371 | Vaults:5 | Noticed a golden dragon
 38383 | Vaults:5 | Killed a golden dragon
 38543 | Vaults:5 | Got a flickering silver ring
 38545 | Vaults:5 | Identified the ring "Fuer" {Ice MR+} (You found it on level 5 of the Vaults)
 38586 | Vaults:5 | Received a gift from Yredelemnul
 38713 | Vaults:5 | Got a silver rune of Zot
 38767 | Vaults:5 | Noticed an ancient lich
 38779 | Vaults:5 | Killed an ancient lich
 38858 | Vaults:5 | Identified the Papyrus of Boosting Companions (You found it on level 5 of the Vaults)
 38958 | Vaults:5 | Noticed a golden dragon
 39001 | Vaults:5 | Killed a golden dragon
 39015 | Vaults:5 | Noticed a golden dragon
 39039 | Vaults:5 | Killed a golden dragon
 39039 | Vaults:5 | Reached XP level 23. HP: 88/194 MP: 5/33
 39049 | Vaults:5 | Received a gift from Yredelemnul
 39277 | Vaults:3 | Upgraded the game from 0.18-a0-1774-gce1f7b6 to 0.18-a0-1778-gadce9fa
 39314 | Vaults:2 | Found a basalt altar of Yredelemnul.
 39424 | Vaults:1 | Received a gift from Yredelemnul
 39510 | Vaults:2 | Noticed B1inky's ghost (adept DsMo)
 39547 | Vaults:2 | Killed B1inky's ghost
 39557 | Vaults:2 | Found a staircase to the Crypt.
 39580 | Crypt:1  | Entered Level 1 of the Crypt
 39586 | Crypt:1  | Noticed Donald
 39767 | Crypt:2  | LAGS
 40049 | Crypt:3  | Entered Level 3 of the Crypt
 40170 | Crypt:3  | Found a staircase to the Tomb.
 40253 | Tomb:1   | Entered Level 1 of the Tomb of the Ancients
 40334 | Tomb:1   | Got a transparent buckler
 40345 | Tomb:1   | Identified the cursed +0 buckler of Daisies {rElec rF- Str+6} (You found it on level 1 of the Tomb of the Ancients)
 40488 | Tomb:1   | Received a gift from Yredelemnul
 40605 | Tomb:1   | Noticed Mennas
 40994 | Tomb:1   | Killed Mennas
 41002 | Tomb:1   | beem: I am beem. For help, type: !beem help
 41313 | Crypt:3  | Reached skill level 15 in Shields
 41392 | Crypt:3  | Noticed Saint Roka
 41396 | Crypt:3  | Received a gift from Yredelemnul
 41489 | Crypt:1  | Identified the Tome of the Harmful Snowflakes (You found it on level 1 of the Crypt)
 41995 | Temple   | Fell from the grace of Yredelemnul
 41995 | Temple   | Became a worshipper of Makhleb the Destroyer
 42501 | Crypt:2  | Killed Saint Roka
 42502 | Crypt:2  | ORTFL
 42656 | Crypt:3  | Reached * piety under Makhleb
 42678 | Crypt:3  | Got a shimmering granite ring
 42679 | Crypt:3  | Identified the ring of the Prince of Darkness {rN+ MR+ Str+4 Int+2} (You took it off a vampire mage on level 3 of the Crypt)
 42742 | Crypt:3  | Reached skill level 10 in Spellcasting
 42749 | Crypt:3  | Found an ancient bone altar of Kikubaaqudgha.
 42755 | Crypt:3  | Found a basalt altar of Yredelemnul.
 42776 | Crypt:3  | Lost mutation: You tend to lose your temper in combat. [potion of cure mutation]
 42776 | Crypt:3  | Lost mutation: You occasionally shout uncontrollably at your foes. [potion of cure mutation]
 42799 | Crypt:3  | Got a smoking bone ring
 42801 | Crypt:3  | Identified the ring of Ynwavyq {rN+ Int+8 Dex+4} (You found it on level 3 of the Crypt)
 42858 | Crypt:3  | Killed the ghostly Saint Roka
 42978 | Tomb:1   | Noticed a greater mummy
 42989 | Tomb:1   | Killed a greater mummy
 43027 | Tomb:1   | Noticed a greater mummy
 43041 | Tomb:1   | Killed a greater mummy
 43041 | Tomb:1   | Reached XP level 24. HP: 73/199 MP: 36/38
 43053 | Tomb:1   | Reached ** piety under Makhleb
 43093 | Tomb:2   | Noticed a greater mummy
 43094 | Tomb:2   | Noticed a greater mummy
 43115 | Tomb:2   | Noticed a greater mummy
 43118 | Tomb:2   | Noticed a greater mummy
 43270 | Tomb:3   | Entered Level 3 of the Tomb of the Ancients
 43486 | Tomb:2   | Reached *** piety under Makhleb
 43620 | Tomb:3   | Noticed an ancient lich
 43722 | Tomb:2   | BULLSHIT LAGS
 43733 | Tomb:2   | Reached skill level 5 in Dodging
 43753 | Tomb:2   | Killed an ancient lich
 43858 | Tomb:3   | Reached **** piety under Makhleb
 44109 | Tomb:3   | Noticed a greater mummy
 44109 | Tomb:3   | Noticed a greater mummy
 44110 | Tomb:3   | Noticed a greater mummy
 44110 | Tomb:3   | Noticed a greater mummy
 44179 | Tomb:2   | Killed a greater mummy
 44201 | Tomb:3   | Noticed a greater mummy
 44203 | Tomb:3   | Noticed a greater mummy
 44216 | Tomb:2   | Killed a greater mummy
 44226 | Tomb:3   | Noticed a greater mummy
 44226 | Tomb:3   | Noticed a greater mummy
 44232 | Tomb:2   | Killed a greater mummy
 44245 | Tomb:3   | HP: 4/203 [greater mummy/divine providence (15)]
 44321 | Tomb:2   | Killed a greater mummy
 44394 | Tomb:2   | Killed a greater mummy
 44464 | Tomb:2   | Reached ***** piety under Makhleb
 44587 | Tomb:2   | Killed a greater mummy
 44603 | Tomb:2   | Killed a greater mummy
 44613 | Tomb:3   | Killed a greater mummy
 44627 | Tomb:3   | Reached skill level 10 in Dodging
 44728 | Tomb:2   | FUCK
 44728 | Tomb:2   | LAGS
 44759 | Tomb:3   | FUCK
 44759 | Tomb:3   | No target in view! No target in view! No target in view! No target in view! No target in view!
 44864 | Tomb:3   | Identified the Papyrus of Creative Arcane Weapons (You found it on level 3 of the Tomb of the Ancients)
 44867 | Tomb:3   | Got a shimmering scale mail
 44868 | Tomb:3   | Identified the +4 scale mail of the Loofah {+Blink +Inv Int-4} (You found it on level 3 of the Tomb of the Ancients)
 44889 | Tomb:3   | Got a distressingly furry chain mail
 44891 | Tomb:3   | Identified the Collected Works on Sinister Talismans (You found it on level 3 of the Tomb of the Ancients)
 44907 | Tomb:3   | Got an ancient bronze ring
 44909 | Tomb:3   | Identified the ring "Onnac" {rPois Int+4} (You found it on level 3 of the Tomb of the Ancients)
 44964 | Tomb:3   | Got a golden rune of Zot
 44974 | Tomb:3   | Noticed a greater mummy
 44985 | Tomb:3   | Killed a greater mummy
 45021 | Tomb:3   | Identified the cursed +0 chain mail "Upterog" {rF+ Regen+} (You found it on level 3 of the Tomb of the Ancients)
 45093 | Tomb:1   | Noticed a greater mummy
 45093 | Tomb:1   | Noticed a greater mummy
 45093 | Tomb:1   | Noticed a greater mummy
 45158 | Crypt:2  | Reached XP level 25. HP: 203/203 MP: 37/39
 45476 | Depths:1 | Found a one-way gate leading to the halls of Pandemonium.
 45493 | Pan      | Entered Pandemonium
 45508 | Pan      | Found an exit through the horrors of the Abyss.
 45674 | Pan      | Noticed Sybroz the pandemonium lord
 45679 | Pan      | Killed Sybroz the pandemonium lord
 45698 | Pan      | Reached ****** piety under Makhleb
 45739 | Pan      | Got a demonic rune of Zot
 45895 | Pan      | Found an exit through the horrors of the Abyss.
 45906 | Pan      | Took an exit into the Abyss.
 45906 | Abyss:1  | Escaped into the Abyss
 46057 | Abyss:1  | Gained mutation: You expend magic power (3 MP) to strengthen your wands. [a neqoxec]
 46072 | Abyss:1  | Found a corrupted altar of Lugonu.
 46256 | Abyss:1  | Reached skill level 20 in Long Blades
 46311 | Abyss:1  | Reached skill level 15 in Fighting
 46814 | Abyss:1  | Paralysed by accursed screaming for 1 turns
 46880 | Abyss:1  | Paralysed by accursed screaming for 1 turns
 46927 | Abyss:1  | no tele spam= 10 million turns in abyss 1
 47201 | Abyss:2  | 1300 abyss 1
 47201 | Abyss:2  | rotfl
 47201 | Abyss:2  | this is very good abyss change
 47427 | Abyss:4  | Got an abyssal rune of Zot
 47466 | Abyss:4  | Reached skill level 5 in Translocations
 47706 | Abyss:5  | Entered Level 5 of the Abyss
 47707 | Abyss:5  | Found a corrupted altar of Lugonu.
 47820 | Depths:1 | Escaped the Abyss
 47829 | Pan      | Entered Pandemonium
 47829 | Pan      | Found an exit through the horrors of the Abyss.
 47952 | Pan      | Killed from afar by a Hell Sentinel

Vault maps used:
D:1:      kilobyte_arrival_exit_the_forest
D:2:      wad_floor_pattern_untrapped
D:3:      first_bread, portal_sewer_entry_a, uniq_grinder,
          uniq_crazy_yiuf_cottage
D:4:      lemuel_round_altar, minmay_temple_entry_large_hall
D:5:      lemuel_doored_altar, kennysheep_little_box, serial_undead,
          serial_undead_f, serial_undead_c, serial_undead_e, serial_undead_f,
          serial_undead_d, evilmike_ruin_ashenzari
D:6:      grunt_temple_overflow_order_and_chaos_1, serial_shops,
          nicolae_shop_waterfront, basic_altar, uniq_pikel
D:7:      basic_altar, serial_shops, nicolae_shop_statue_plus, the_bakery
D:8:      slow_altar_1, nicolae_sextant
D:9:      gammafunk_temple_overflow_statue, hiddenorc2_lemuel, minmay_holes,
          uniq_erolcha, uniq_maurice, uniq_erica
D:10:     minivault_16, uniq_josephine, uniq_psyche
D:11:     david_lair_generic, serial_shops, shop, uniq_sonja
D:13:     basic_altar, grunt_ministairs_2
D:14:     minmay_smoke_and_mirrors, david_vaults_2, serial_shops, shop,
          minivault_4
D:15:     grunt_enter_depths_snipers, minivault_14, tgw_xom
Temple:   water_room_temple_b_12
Lair:1:   hangedman_lair_generics_rect
Lair:2:   infiniplex_staircase_pool
Lair:3:   grunt_megastairs_2
Lair:4:   beast_lair_carwin_4
Lair:5:   shoals_dummy_entry
Lair:6:   cheibrodos_magma_flow, spider_nest_entry_funnel_web,
          grunt_forest_small_clearings
Lair:7:   minmay_slime_entry_pillars
Lair:8:   minmay_lair_end_enchanted_forest
Shoals:3: serial_shops, shop
Shoals:4: shoals_end_grunt_ice, shoals_ilsuiw_ice, kb_tengu_band
Spider:3: nicolae_orb_stairs, uniq_arachne
Spider:4: spider_rune_water
Slime:4:  nicolae_slime_phagocytosis
Orc:1:    uniq_gastronok
Orc:2:    kennysheep_orc_mage_school, guppyfry_orc_lava_fort, uniq_nessos
Elf:1:    elf_arrival_001, basic_altar, hangedman_elven_crosses_minicolossus,
          minmay_elf_sorcery
Elf:2:    serial_shops, nicolae_shop_waterfront, shop_statue, shop, minivault_8
Elf:3:    elf_hall_gauntlet_narrow, st_stairs_3
Vaults:1: vaults_room_boxed, grunt_vaults_focal, v_misc_11, v_pattern_4,
          ontoclasm_vaults_idyll, vaults_standard_mumra_x,
          vaults_room_semicircle, ontoclasm_vaults_fault, serial_shops, shop,
          uniq_aizul, uniq_nikola
Vaults:2: vaults_room_grunt_arrival_checkpoint, ontoclasm_vaults_shuriken,
          grunt_vaults_bifocal, nicolae_vaults_little_squares_4, v_misc_32,
          nicolae_vaults_display_case, minmay_crypt_entry_nasty_monster,
          vaults_room_grunt_arrival_ludios, nicolae_vaults_alarming,
          nicolae_vaults_border_crossing, basic_altar
Vaults:3: v_rooms_4, v_misc_27, nicolae_vaults_little_squares_3,
          hangedman_vaults_maws, v_pattern_1, vaults_room_hallway,
          v_alt_pattern_3, v_misc_5, v_misc_10, nicolae_vaults_little_squares_1,
          nicolae_vaults_little_squares_3, uniq_xtahua
Vaults:4: v_misc_22, nicolae_vaults_triangles, nicolae_vaults_yaktaur_gun_rack,
          sword_in_stone, grunt_vaults_swirl, v_rooms_2,
          hangedman_vaults_river_flow, v_pattern_2, vaults_dpeg_spiral,
          v_misc_19, vaults_room_door_ring, uniq_boris
Crypt:1:  roderic_lattice_octagonal_star, uniq_donald
Crypt:2:  hangedman_hall_of_fallen_heroes
Crypt:3:  lightli_unholy_cathedral, tomb_entry_simple_bobbens, uniq_saint_roka
Tomb:1:   uniq_mennas
Depths:1: lemuel_flame_loot_2, rand_demon_pan_entry_7,
          grunt_hell_entry_dis_grunt, kennysheep_opposing_triangles
Depths:2: grunt_twisty_corner, lemuel_statue_altar, hell_entry, uniq_asterion,
          uniq_sojobo
Depths:3: minmay_nine_rooms, hell_entry, grunt_pan_entry_spiral,
          infiniplex_staircase_river, serial_bayou_shore_a
Depths:4: minmay_concentric_multi, serial_shops, shop, grunt_pan_entry_zigzag,
          hell_entry, kennysheep_cross_bottleneck, abyss_entry
Depths:5: evilmike_zot_entry_argh, enter_ziggurat_b, hell_entry, tso_metal_star,
          uniq_jory, uniq_enchantress, uniq_margery
Abyss:1:  minivault_20
Abyss:2:  minivault_28
Abyss:4:  hangedman_decor_lopped, hangedman_abyss_theft,
          evilmike_abyss_rune_elephants
Pan:      rand_demon_3, evilmike_mini_pan_branches, evilmike_mini_pan_T,
          lemuel_hellion_island, nicolae_pan_cerebovesque_3
Sewer:    sewer_minmay_treatment

Skill      XL: |  1  2  3  4  5  6  7  8  9 10 11 12 13 14 15 16 17 18 19 20 21 22 23 24 25 |
---------------+----------------------------------------------------------------------------+-----
Conjurations   | 1 2 3 |  3.4
Air Magic      | 3 4 |  4.9
Spellcasting   | 2 4 5 6 7 11 12 | 12.4
Long Blades    | 3 5 6 8 9 11 12 13 15 16 17 18 19 20 | 20.1
Invocations    | 2 3 5 7 8 10 11 12 13 | 13.0
Fighting       | 2 3 5 6 7 9 10 11 12 13 14 15 | 15.8
Armour         | 1 3 4 5 6 7 8 9 10 11 12 13 14 | 14.0
Dodging        | 2 3 11 | 11.0
Evocations     | 1 4 |  4.2
Shields        | 3 6 8 10 11 12 13 15 | 15.0
Charms         | 3 6 8 |  8.6
Necromancy     | 3 6 8 |  8.2
Hexes          | 3 6 |  6.5
Translocations | 4 7 |  7.0
Stealth        | |  1.2

Action                   |  1- 3 |  4- 6 |  7- 9 | 10-12 | 13-15 | 16-18 | 19-21 | 22-24 | 25-27 || total
-------------------------+-------+-------+-------+-------+-------+-------+-------+-------+-------++-------
Melee: Dagger            |    66 |    50 |       |       |       |       |       |       |       ||   116
       Kick              |    12 |    21 |   108 |   267 |   328 |   458 |   787 |  1022 |   302 ||  3305
       Long sword        |       |    50 |   150 |       |       |       |       |       |       ||   200
       Unarmed           |       |     6 |       |       |       |       |       |       |       ||     6
       Scimitar          |       |       |   409 |  1071 |  1132 |   970 |       |       |       ||  3582
       Great sword       |       |       |       |    37 |       |       |       |       |       ||    37
       Demon blade       |       |       |       |       |   173 |   141 |       |       |       ||   314
       Scimitar          |       |       |       |       |       |   384 |   705 |       |       ||  1089
       Demon blade       |       |       |       |       |       |       |  1408 |  1279 |       ||  2687
       Eudemon blade     |       |       |       |       |       |       |       |   956 |   640 ||  1596
 Fire: Blowgun           |       |     3 |    64 |       |       |     1 |       |       |       ||    68
Throw: Javelin           |       |       |     6 |     1 |       |       |       |       |       ||     7
 Cast: Shock             |    39 |    59 |    56 |       |       |       |       |       |       ||   154
       Repel Missiles    |       |     2 |     1 |     1 |       |       |       |       |       ||     4
       Static Discharge  |       |    11 |    28 |       |       |       |       |       |       ||    39
       Repel Missiles    |       |       |       |       |       |       |     2 |       |       ||     2
       Regeneration      |       |       |       |       |       |       |    12 |   156 |    17 ||   185
       Spectral Weapon   |       |       |       |       |       |       |       |    47 |    20 ||    67
       Apportation       |       |       |       |       |       |       |       |     7 |     9 ||    16
       Blink             |       |       |       |       |       |       |       |       |     1 ||     1
Invok: Animate Dead      |       |       |     2 |    26 |     7 |    38 |       |       |       ||    73
       Animate Remains   |       |       |     2 |       |       |       |       |       |       ||     2
       Recall Undead Sla |       |       |       |    13 |     1 |     4 |       |       |       ||    18
       Injury Mirror     |       |       |       |     1 |       |       |       |       |       ||     1
       Drain Life        |       |       |       |     3 |    27 |    37 |       |       |       ||    67
       Animate Dead      |       |       |       |       |       |    22 |    59 |    20 |       ||   101
       Drain Life        |       |       |       |       |       |    16 |    32 |    15 |       ||    63
       Recall Undead Sla |       |       |       |       |       |       |     9 |     8 |       ||    17
       Stop Recall       |       |       |       |       |       |       |     1 |     4 |       ||     5
       Lesser Servant of |       |       |       |       |       |       |       |     1 |       ||     1
 Abil: Evoke Blink       |       |       |       |       |       |       |     2 |       |       ||     2
       Evoke Flight      |       |       |       |       |       |       |     1 |       |       ||     1
Evoke: Club              |       |       |     4 |     7 |       |     2 |       |       |       ||    13
       Hammer            |       |       |       |       |       |     2 |       |       |       ||     2
       Lamp of fire      |       |       |       |       |       |     1 |       |       |       ||     1
       Sack of spiders   |       |       |       |       |       |     1 |       |       |       ||     1
       Wand              |       |       |       |       |       |     2 |    12 |     4 |     1 ||    19
       Deck              |       |       |       |       |       |       |     7 |       |       ||     7
  Use: Potion            |     1 |     3 |    15 |       |     2 |     3 |       |       |       ||    24
       Scroll            |       |     7 |     6 |     5 |    15 |     5 |       |       |       ||    38
       Potion            |       |       |       |       |       |     8 |     7 |    16 |     1 ||    32
       Scroll            |       |       |       |       |       |     4 |    20 |    25 |     6 ||    55
 Stab: Distracted        |       |       |     1 |     6 |     3 |    11 |       |       |       ||    21
       Paralysed         |       |       |       |     5 |       |    16 |       |       |       ||    21
       Confused          |       |       |       |     1 |       |       |       |       |       ||     1
       Distracted        |       |       |       |       |       |     9 |    22 |    33 |     5 ||    69
       Paralysed         |       |       |       |       |       |     2 |     3 |       |       ||     5
       Invisible         |       |       |       |       |       |       |       |       |     3 ||     3
  Eat: Chunk             |     1 |     9 |    31 |    25 |    17 |    18 |       |       |       ||   101
       Fruit             |       |       |     2 |       |     4 |       |       |       |       ||     6
       Royal jelly       |       |       |     1 |       |       |     6 |       |       |       ||     7
       Beef jerky        |       |       |       |     4 |     3 |       |       |       |       ||     7
       Pizza             |       |       |       |     2 |     1 |     1 |       |       |       ||     4
       Meat ration       |       |       |       |     1 |     1 |       |       |       |       ||     2
       Bread ration      |       |       |       |     1 |     1 |     1 |       |       |       ||     3
       Chunk             |       |       |       |       |       |     7 |    39 |    15 |       ||    61
       Fruit             |       |       |       |       |       |     6 |     1 |     8 |       ||    15
       Bread ration      |       |       |       |       |       |     1 |     4 |     7 |     1 ||    13
       Beef jerky        |       |       |       |       |       |       |     2 |     4 |     1 ||     7
       Pizza             |       |       |       |       |       |       |     1 |     3 |       ||     4
       Meat ration       |       |       |       |       |       |       |     1 |       |       ||     1
       Royal jelly       |       |       |       |       |       |       |       |       |     1 ||     1
Armor: Robe              |    35 |    40 |    72 |       |       |       |       |       |       ||   147
       Chain mail        |       |       |   313 |   830 |  1136 |   897 |       |       |       ||  3176
       Chain mail        |       |       |       |       |       |   317 |   918 |       |       ||  1235
       Plate armour      |       |       |       |       |       |       |   579 |  1407 |   342 ||  2328
Dodge: Dodged            |    46 |    75 |   187 |   258 |   234 |   128 |       |       |       ||   928
       Deflected         |       |     3 |     1 |     4 |       |       |       |       |       ||     8
       Dodged            |       |       |       |       |       |    52 |   411 |   332 |   121 ||   916
       Deflected         |       |       |       |       |       |       |     2 |       |       ||     2
Block: Shield            |       |       |       |       |       |   298 |       |       |       ||   298
       Reflection        |       |       |       |       |       |    16 |    67 |    29 |    10 ||   122
       Shield            |       |       |       |       |       |   205 |  1299 |  1807 |   572 ||  3883
